 Dungeon Crawl Stone Soup version 0.21-a0-516-gaaff437 (webtiles) character file.

543 Gerstahl the Skirmisher (level 7, -13/56 HPs)
             Began as a Demonspawn Wanderer on Dec 3, 2017.
             Killed by divine providence
             ... invoked by an orc priest
              (15 damage)
             ... on level 3 of the Dungeon.
             The game lasted 00:11:42 (4373 turns).

Gerstahl the Skirmisher (Demonspawn Wanderer)       Turns: 4373, Time: 00:11:43

Health: -13/56     AC:  3    Str: 14    XL:     7   Next: 6%
Magic:  7/7        EV: 12    Int: 13    God:
Gold:   135        SH:  0    Dex: 13    Spells: 6/6 levels left

rFire    . . .     SeeInvis .   a - +2 spear
rCold    + . .     Gourm    .   (no shield)
rNeg     . . .     Faith    .   d - +0 robe
rPois    .         Spirit   .   (no helmet)
rElec    .         Reflect  .   (no cloak)
rCorr    .         Harm     .   (no gloves)
MR       .....                  i - +0 pair of boots
Stlth    ++........             k - amulet of regeneration
HPRegen  0.58/turn              (no ring)
MPRegen  0.10/turn              (no ring)

@: flying, hasted, very quick
A: hooves 1, cold resistance 1, powered by death 1, freezing cloud immunity
a: no special abilities


You were on level 3 of the Dungeon.
You were near starving.

You visited 1 branch of the dungeon, and saw 4 of its levels.

You collected 135 gold pieces.

Inventory:

Hand Weapons
 a - a +2 spear (weapon)
Armour
 d - a +0 robe (worn)
 i - a +0 pair of boots (worn)
Jewellery
 k - an amulet of regeneration (around neck)
 l - an uncursed amulet of magic regeneration {unknown}
Scrolls
 h - 2 scrolls of identify
 n - a scroll of enchant weapon {unknown}
 o - a scroll of fear {unknown}
 q - a scroll of random uselessness {unknown}
 r - a scroll of immolation {unknown}
 s - a scroll of remove curse {unknown}
 v - a scroll of magic mapping {unknown}
Potions
 e - a potion of brilliance {unknown}
 g - a potion of mutation {unknown}
 p - a potion of might {unknown}
 x - a potion of curing {unknown}
Books
 b - the Almanac of Flight

   Spells                             Type                      Level
   a - Shock                          Conjuration/Air              1
   b - Static Discharge               Conjuration/Air              3
Comestibles
 f - 4 bread rations
 m - 2 royal jellies


   Skills:
 + Level 5.6 Fighting
 + Level 4.8 Polearms
 - Level 1.7 Dodging
 - Level 1.0 Stealth
   Level 1.1 Necromancy
   Level 2.0 Poison Magic
   Level 1.0 Evocations


You had 6 spell levels left.
You didn't know any spells.

Dungeon Overview and Level Annotations

Branches:
Dungeon (4/15)
 Temple: D:4-7

Altars:
Fedhas

Annotations:
D:2 Sigmund


Innate Abilities, Weirdness & Mutations

You have large cloven feet.
Your flesh is cold resistant. (rC+)
You regenerate a little health from kills.
You are immune to freezing clouds.


Message History

Press: ? - help, Dir - move target cursor, f/p - orc priest
Aim: an orc priest, wielding a dagger (heavily wounded)
The orc priest is in the way.
You hit the orc priest.
The orc priest is severely wounded.
The orc priest invokes the aid of Beogh against you.
Beogh smites you!
* * * LOW HITPOINT WARNING * * *
The orc misses you.
It was a potion of flight.
You feel very buoyant.
You fly up into the air.
The orc priest hits you.
* * * LOW HITPOINT WARNING * * *
The orc hits you with a whip.
* * * LOW HITPOINT WARNING * * *
The orc priest calls upon Beogh to heal the orc priest.
The orc priest is healed somewhat.
It was a potion of haste.
You feel yourself speed up.
The orc priest mumbles some strange prayers to Beogh against you.
Beogh smites you!
You die...

###########
#...oo@ooW#
#.#######.# #.#
#.# #.#
####.##########
#.#
#.............##
#.#
#.##...........#
#.#
#.##.###.#####.#
#.# #.##.# #.#
#.### #.#
##>##.# #.#
#....


You could see a phantom, 2 orc priests and 2 orcs.

Vanquished Creatures
  3 scorpions (D:3)
  A hound (D:3)
  A centaur skeleton (D:4)
  Ijyb (D:3)
  3 orc wizards (D:3)
  8 adders
  A shadow imp (D:3)
  An ooze (D:2)
  An adder skeleton (D:4)
  2 worms (D:2)
  A dart slug (D:3)
  5 leopard geckos
  13 orcs
  9 bats
  8 giant cockroaches
  7 goblins
  11 hobgoblins
  16 jackals
  4 quokkas
  A ball python (D:2)
  3 frilled lizards
  14 kobolds
  5 rats
119 creatures vanquished.

Vanquished Creatures (others)
  A plant (D:1)
1 creature vanquished.

Grand Total: 120 creatures vanquished

Notes
Turn   | Place    | Note
-------+----------+-------------------------------------------
     0 | D:1      | Gerstahl the Demonspawn Wanderer began the quest for the Orb.
     0 | D:1      | Gerstahl set off with: a +2 spear, the Almanac of Flight, a potion of lignification, a +0 robe, a bread ration
     0 | D:1      | Reached XP level 1. HP: 16/16 MP: 1/1
   608 | D:1      | Gained mutation: Your flesh is cold resistant. (rC+) [demonic ancestry]
   608 | D:1      | Reached XP level 2. HP: 22/23 MP: 2/2
  1223 | D:2      | Gained mutation: You have large cloven feet. [demonic ancestry]
  1223 | D:2      | Reached XP level 3. HP: 28/28 MP: 3/3
  1254 | D:2      | Reached skill level 3 in Fighting
  1745 | D:2      | Reached XP level 4. HP: 17/35 MP: 4/4
  2024 | D:2      | Found a blossoming altar of Fedhas.
  2062 | D:2      | Noticed Sigmund
  2806 | D:3      | Reached skill level 4 in Fighting
  2806 | D:3      | Gained mutation: You are immune to freezing clouds. [demonic ancestry]
  2806 | D:3      | Reached XP level 5. HP: 42/42 MP: 5/5
  3060 | D:3      | Noticed Ijyb
  3082 | D:3      | Paralysed by Ijyb for 5 turns
  3104 | D:3      | Paralysed by Ijyb for 4 turns
  3126 | D:3      | Paralysed by Ijyb for 7 turns
  3165 | D:3      | Killed Ijyb
  3291 | D:3      | Gained mutation: You regenerate a little health from kills. [demonic ancestry]
  3291 | D:3      | Reached XP level 6. HP: 40/49 MP: 6/6
  3809 | D:4      | Identified the Almanac of Flight
  3834 | D:3      | Reached skill level 5 in Fighting
  4344 | D:4      | Reached XP level 7. HP: 52/56 MP: 7/7
  4372 | D:3      | HP: 2/56 [orc/whip (2)]
  4373 | D:3      | Killed from afar by an orc priest

Vault maps used:
D:1:      dpeg_arrival_stonehenge_12_columns, lexackson_kobold_supper
D:2:      kennysheep_six_static_rooms, fedhas_altar_1, uniq_sigmund
D:3:      cheibrodos_old_hovel, kennysheep_decorative_pillar, uniq_ijyb
D:4:      trog_wizard

Skill      XL: |  1  2  3  4  5  6 |
---------------+-------------------+-----
Polearms       | 2 3 4 |  4.8
Fighting       | 3 4 5 |  5.6
Dodging        | |  1.7
Stealth        | |  1.0
Necromancy     | |  1.1
Poison Magic   | |  2.0
Evocations     | |  1.0

Action                   |  1- 3 |  4- 6 |  7- 9 || total
-------------------------+-------+-------+-------++-------
Melee: Spear             |   157 |   464 |    21 ||   642
  Use: Potion            |     1 |     4 |     2 ||     7
       Scroll            |       |     4 |       ||     4
 Stab: Sleeping          |     2 |     2 |       ||     4
  Eat: Chunk             |     3 |     7 |       ||    10
Armor: Skin              |     4 |       |       ||     4
       Robe              |    19 |   102 |     4 ||   125
Dodge: Dodged            |    72 |   303 |    14 ||   389

Table legend:
 A = Spawn XP
 B = Non-spawn XP
 C = Spawn XP percentage of total XP
 D = Spawn monster count
 E = Non-spawn monster count
 F = Spawn count percentage of total count
 G = Total turns spent on level
                    A         B        C        D         E        F      G
               +---------+---------+-------+---------+---------+-------+---------
         Total |       0 |     776 |   0.0 |       0 |     119 |   0.0 |  4373
               +---------+---------+-------+---------+---------+-------+---------
           D:1 |       0 |      38 |   0.0 |       0 |      23 |   0.0 |  1235
           D:2 |       0 |     155 |   0.0 |       0 |      39 |   0.0 |  1554
           D:3 |       0 |     522 |   0.0 |       0 |      49 |   0.0 |  1455
           D:4 |       0 |      61 |   0.0 |       0 |       8 |   0.0 |   129
               +---------+---------+-------+---------+---------+-------+---------
